 Dungeon Crawl Stone Soup version 0.20.1-1-g8b1a95d (webtiles) character file.

37 keltmir the Ruffian (level 3, 0/28 HPs)
             Began as a Draconian Transmuter on Nov 8, 2017.
             Succumbed to an adder's poison
             ... on level 2 of the Dungeon.
             The game lasted 00:01:56 (748 turns).

keltmir the Ruffian (Draconian Transmuter)           Turns: 748, Time: 00:01:57

Health: 0/28       AC:  5    Str: 12    XL:     3   Next: 23%
Magic:  6/6        EV: 12    Int: 14    God:
Gold:   40         SH:  0    Dex: 11    Spells: 2/6 levels left

rFire    . . .     SeeInvis .     - Unarmed
rCold    . . .     Gourm    .   (no shield)
rNeg     . . .     Faith    .   (armour unavailable)
rPois    .         Spirit   .   (helmet restricted)
rElec    .         Reflect  .   (no cloak)
rCorr    .         Harm     .   (no gloves)
MR       .....                  (no boots)
Stlth    +.........             (no amulet)
Regen    0.1/turn               (no ring)
MPRegen  0.1/turn               (no ring)

@: lethally poisoned (0 -> -9), appendage (expiring)
A: unfitting armour, horns 2, cold-blooded, AC +5
a: End Transformation


You were on level 2 of the Dungeon.
You were not hungry.
You had grown temporary horns.
You visited 1 branch of the dungeon, and saw 2 of its levels.

You collected 40 gold pieces.

Inventory:

Missiles
 a - 12 arrows
 k - 17 poisoned needles
Scrolls
 d - 5 scrolls of teleportation {unknown}
 g - a scroll of enchant weapon {unknown}
 h - a scroll of fog {unknown}
 m - 2 scrolls of remove curse {unknown}
 o - a scroll of blinking {unknown}
 p - a scroll of identify {unknown}
Potions
 e - 3 potions of curing {unknown}
 f - a potion of berserk rage {unknown}
 i - a potion of degeneration {unknown}
Books
 b - a book of Changes

   Spells                             Type                      Level
   a - Beastly Appendage              Transmutation                1
   b - Sticks to Snakes               Transmutation                2
   c - Spider Form                    Transmutation/Poison         3
   d - Ice Form                       Ice/Transmutation            4
   e - Blade Hands                    Transmutation                5
Comestibles
 c - a bread ration
 j - a fruit
 n - a royal jelly


   Skills:
 + Level 1.1 Fighting
 + Level 2.0 Dodging
 + Level 3.9 Unarmed Combat
 + Level 2.1 Spellcasting
 + Level 2.2 Transmutations


You had 2 spell levels left.
You knew the following spells:

 Your Spells              Type           Power        Failure   Level  Hunger
a - Beastly Appendage     Tmut           #.....       10%         1    #......
b - Spider Form           Tmut/Pois      #.........   41%         3    ###....


Dungeon Overview and Level Annotations

Branches:
Dungeon (2/15)

Altars:


Innate Abilities, Weirdness & Mutations

Your plain brown scales are hard. (AC +5)
You cannot fit into any form of body armour.
You are cold-blooded and may be slowed by cold attacks.
You have a pair of horns on your head.


Message History

* * * LOW HITPOINT WARNING * * *
You are more poisoned.
The adder poisons you!
Unknown command.
You hit the adder but do no damage. Your punch misses the adder.
The adder is severely wounded.
* * * LOW HITPOINT WARNING * * *
You feel sick. The adder completely misses you.
You hit the adder.
The adder is almost dead.
* * * LOW HITPOINT WARNING * * *
You feel sick. The adder bites you but does no damage.
You hit the adder.
You kill the adder!
Your Dodging skill increases to level 2!
* * * LOW HITPOINT WARNING * * *
You feel sick.
Found a stone staircase leading up.
You see here an adder corpse.
You die...

#####.##.#
#...#....#
#......#
#.....#
#.#.<..###
#..).....#
########.#
#†####
#@...#
###.<...#
......
.....
..... ....
....


There were no monsters in sight!

Vanquished Creatures
  An adder (D:2)
  A dart slug (D:1)
  A bat (D:1)
  2 giant cockroaches (D:1)
  4 goblins (D:1)
  4 hobgoblins (D:1)
  A frilled lizard (D:2)
  6 kobolds
  5 rats
25 creatures vanquished.

Notes
Turn   | Place    | Note
-------+----------+-------------------------------------------
     0 | D:1      | keltmir the Draconian Transmuter began the quest for the Orb.
     0 | D:1      | Reached XP level 1. HP: 16/16 MP: 3/3
   309 | D:1      | Reached XP level 2. HP: 17/23 MP: 3/5
   720 | D:2      | Reached XP level 3. HP: 17/28 MP: 6/6
   725 | D:2      | Learned a level 3 spell: Spider Form
   746 | D:2      | HP: 1/28 [poisoned by an adder]
   748 | D:2      | Succumbed to an adder's poison

Skill      XL: |  1  2  3 |
---------------+----------+-----
Dodging        | 2 |  2.0
Fighting       | |  1.1
Unarmed Combat | |  3.9
Spellcasting   | |  2.1
Transmutations | |  2.2

Action                   || total
-------------------------++-------
Melee: Unarmed           ||   104
       Tailslap          ||     9
       Punch             ||     2
       Kick              ||     1
 Cast: Beastly Appendage ||     4
Armor: Skin              ||    25
Dodge: Dodged            ||    60
